 Dungeon Crawl Stone Soup version 0.28-a0-792-g75f770b44e (webtiles) character file.

Game seed: 7982344054467789787

1593 Grim the Fighter (level 8, -2/132 (138) HPs)
             Began as an Ogre Berserker on Nov 3, 2021.
             Was a Priest of Trog.
             Slain by a wight (15 damage)
             ... on level 6 of the Dungeon on Nov 5, 2021.
             The game lasted 00:09:44 (6849 turns).

Grim the Fighter (Ogre Berserker)                   Turns: 6849, Time: 00:09:44

HP:   -2/132 (138)  AC:  6    Str: 22    XL:     8   Next: 93%
MP:   8/8           EV: 10    Int:  9    God:    Trog [***...]
Gold: 157           SH:  0    Dex: 15    Spells: 7/7 levels left

rFire   . . .      SeeInvis .   a - +0 mace
rCold   . . .      Faith    .   (no shield)
rNeg    + . .      Spirit   .   m - +0 steam dragon scales
rPois   .          Reflect  .   (helmet restricted)
rElec   .          Harm     .   (no cloak)
rCorr   .          Rampage  .   (gloves unavailable)
Will    ++...                   (boots unavailable)
Stlth   ..........              (no amulet)
HPRegen 1.32/turn               s - +6 ring of dexterity
MPRegen 0.11/turn               d - ring of positive energy

@: berserking (expiring), strong-willed, regenerating, lightly drained, very
quick
A: large, unfitting armour, tough skin 1
a: Renounce Religion, Berserk, Trog's Hand


You were on level 6 of the Dungeon.
You worshipped Trog.
Trog was most pleased with you.
You visited 1 branch of the dungeon, and saw 6 of its levels.

You collected 157 gold pieces.

Inventory:

Hand Weapons
 a - a +0 mace (weapon)
Armour
 b - a +0 animal skin
 m - +0 steam dragon scales (worn)
Jewellery
 d - a ring of positive energy (right hand)
 p - a ring of resist corrosion
 r - a +6 ring of intelligence
 s - a +6 ring of dexterity (left hand)
Wands
 i - a wand of polymorph (8)
Scrolls
 c - a scroll of teleportation {unknown}
 e - a scroll of brand weapon {unknown}
 g - a scroll of silence {unknown}
 h - a scroll of enchant armour {unknown}
 l - 2 scrolls of amnesia {unknown}
 n - a scroll of identify {unknown}
 u - 2 scrolls of enchant weapon {unknown}
 v - a scroll of noise {unknown}
Potions
 f - 2 potions of curing {unknown}
 j - a potion of cancellation {unknown}
 k - a potion of brilliance {unknown}
 o - a potion of flight {unknown}
 q - a potion of ambrosia {unknown}
 t - a potion of heal wounds {unknown}
Miscellaneous
 w - a phantom mirror


   Skills:
 + Level 9.2 Fighting
 * Level 8.6 Maces & Flails
 - Level 2.6 Dodging


You had 7 spell levels left.
You didn't know any spells.
Your spell library was empty.

Dungeon Overview and Level Annotations

Branches:
Dungeon (6/15)             Temple (0/1) D:5

Altars:
Dithmenos

Shops:
D:2 :

Annotations:
D:6 Edmund


Innate Abilities, Weirdness & Mutations

You are too large for most types of armour.
You have tough skin. (AC +1)


Message History

* * * LOW HITPOINT WARNING * * *
You barely miss the wight. The wight closely misses you. x2
You sock the wight!
The wight is severely damaged.
The wight hits you with a +1 dire flail!
* * * LOW HITPOINT WARNING * * *
The wight hits you with a +0 spear.
* * * LOW HITPOINT WARNING * * *
You sock the wight!
You destroy the wight!
Trog accepts your kill.
The wight hits you with a +0 great sword!
* * * LOW HITPOINT WARNING * * *
The wight barely misses you.
You feel a strong urge to attack something.
You are too injured to fight recklessly!
You closely miss the wight.
The wight is severely damaged.
The wight hits you with a +0 spear.
* * * LOW HITPOINT WARNING * * *
You partially resist.
You feel drained.
The wight hits you with a +0 great sword.
* * * LOW HITPOINT WARNING * * *
You hit the wight but do no damage.
The wight is severely damaged.
The wight hits you with a +0 spear.
* * * LOW HITPOINT WARNING * * *
You partially resist.
You feel drained. The wight closely misses you.
Unknown command.
You hit the wight.
The wight is almost destroyed.
You barely miss the wight.
The wight is almost destroyed.
The wight closely misses you. The wight barely misses you.
Unknown command.
You hit the wight.
You destroy the wight!
Trog accepts your kill.
The wight hits you with a +0 great sword!
You die...

#..###..#..## #...##.$...#
#..........# .
##...##.....### ..
#######....##.......#.......
#...#.......................
............................
....##.#........z)..........
.......#........@...........
...............#............
#..........##..###........!.
##.......#######............
.........# #<..........z
.........# #....<.......
.#.......+ +.###.......z
.##......# ### ##.......
..#.....## ..##...


You could see a wight.

Vanquished Creatures
  A steam dragon (D:3)
  An orc warrior (D:5)
  3 ogres (D:5)
  A necrophage (D:5)
  A centaur (D:5)
  A phantom (D:5)
  A wyvern zombie (D:5)
  4 scorpions
  2 wights (D:6)
  A centaur zombie (D:6)
  A jelly (D:5)
  3 orc priests
  2 hounds (D:5)
  An iguana (D:6)
  2 orc wizards
  A killer bee zombie (D:5)
  A hound zombie (D:5)
  3 hound skeletons
  6 adders
  2 river rats (D:4)
  An ufetubus (D:5)
  An adder skeleton (D:4)
  5 worms
  2 dart slugs
  13 orcs
  6 bats
  5 endoplasms
  4 giant cockroaches
  2 hobgoblins
  12 kobolds
  3 quokkas
  9 ball pythons
  5 frilled lizards
  3 goblins
  15 rats
124 creatures vanquished.

Notes
Turn   | Place    | Note
-------+----------+-------------------------------------------
     0 | D:1      | Grim the Ogre Berserker began the quest for the Orb.
     0 | D:1      | Reached XP level 1. HP: 24/24 MP: 1/1
   390 | D:1      | Reached XP level 2. HP: 31/33 MP: 2/2
   859 | D:1      | Reached XP level 3. HP: 38/40 MP: 3/3
   955 | D:1      | Found a faded altar of an unknown god.
  1240 | D:2      | Reached ** piety under Trog
  2076 | D:2      | Reached skill level 5 in Fighting
  2257 | D:2      | Found Ewkibar's Book Shop.
  2402 | D:3      | Noticed a steam dragon
  2410 | D:3      | Killed a steam dragon
  2411 | D:3      | Reached XP level 4. HP: 51/52 MP: 4/4
  2411 | D:3      | Reached XP level 5. HP: 58/59 MP: 5/5
  2768 | D:3      | Reached skill level 6 in Fighting
  2768 | D:3      | Reached skill level 5 in Maces & Flails
  2768 | D:3      | Reached XP level 6. HP: 67/67 MP: 6/6
  3427 | D:4      | Reached *** piety under Trog
  3519 | D:4      | HP: 2/68 [orc priest/divine providence (15)]
  3975 | D:4      | Reached XP level 7. HP: 76/76 MP: 7/7
  4795 | D:4      | Reached skill level 7 in Fighting
  5027 | D:5      | Entered Level 5 of the Dungeon
  5214 | D:5      | Found a shadowy altar of Dithmenos.
  5519 | D:5      | Found a staircase to the Ecumenical Temple.
  5689 | D:5      | Reached XP level 8. HP: 76/88 MP: 8/8
  5919 | D:5      | Reached skill level 8 in Fighting
  6507 | D:6      | Noticed Edmund
  6522 | D:5      | Reached skill level 9 in Fighting
  6849 | D:6      | Slain by a wight

Illustrated notes

Levels and vault maps discovered:
D:1:      dpeg_arrival_oval, layout_basic,
          dreamdust_ecumenical_altar_hidden_monk_grotto
D:2:      minmay_wonky_spiral, layout_basic, serial_shops, shop
D:3:      layout_loops_cross, dk_vineyard_1, minivault_11
D:4:      layout_basic, portal_sewer_entry_b
D:5:      minmay_octagon_keep, layout_gridville,
          nicolae_dithmenos_shadow_blocks, minmay_temple_entry_arrows,
          nicolae_zen_rock_garden, minivault_23
D:6:      layout_cave_pools, mainiacjoe_overflow_six_doors_small, trog_book,
          serial_shops, kennysheep_little_box, minmay_misc_feat_four_crosses,
          uniq_edmund

Skill      XL: |  1  2  3  4  5  6  7  8 |
---------------+-------------------------+-----
Maces & Flails | 3 4 5 7 8 |  8.6
Fighting       | 5 6 7 9 |  9.2
Dodging        | |  2.6

Action                   |  1- 3 |  4- 6 |  7- 9 || total
-------------------------+-------+-------+-------++-------
Melee: Mace              |   142 |   131 |   216 ||   489
Invok: Berserk           |     3 |     4 |     5 ||    12
       Trog's Hand       |       |       |     2 ||     2
Armor: Animal skin       |    43 |       |       ||    43
       Steam dragon scal |       |    50 |    95 ||   145
Dodge: Dodged            |    86 |    78 |   129 ||   293

Table legend: (Time is in decaauts)
 A = Elapsed time spent in this place.
 B = Non-inter-level travel time spent in this place.
 C = Inter-level travel time spent in this place.
 D = Time resting spent in this place.
 E = Time spent auto-exploring this place.
 F = Levels seen in this place.
 G = Mean time per level.
                   A        B        C        D        E       F      G
               +--------+--------+--------+--------+--------+-----+--------+
         Total |   6998 |   6746 |    252 |   2313 |   3311 |   6 | 1166.3 |
       Dungeon |   6998 |   6746 |    252 |   2313 |   3311 |   6 | 1166.3 |
               +--------+--------+--------+--------+--------+-----+--------+

Top non-repeatable levels by time:
     D:5: 1711 daAuts
     D:4: 1707 daAuts
     D:2: 1323 daAuts
     D:1: 1131 daAuts
     D:3: 988 daAuts
     D:6: 136 daAuts
